 Dungeon Crawl Stone Soup version 0.29-a0-330-g52719c12eb (webtiles) character file.

Game seed: 5274372384652462553

3228 kae the Firebug (level 9, 0/75 HPs)
             Began as a Demigod Fire Elementalist on May 11, 2022.
             Slain by a komodo dragon (2 damage)
             ... while paralysed by a hornet
             ... on level 6 of the Dungeon.
             The game lasted 00:06:26 (9322 turns).

kae the Firebug (Demigod Fire Elementalist)         Turns: 9322, Time: 00:06:27

Health: 0/75       AC:  8    Str:  9    XL:     9   Next: 39%
Magic:  14/21      EV:  2    Int: 29    God:
Gold:   349        SH:  0    Dex: 20    Spells: 2/19 levels left

rFire   . . .      SeeInvis .   k - +0 spear (freeze)
rCold   + . .      Faith    .   (no shield)
rNeg    . . .      Spirit   .   d - +2 robe {rC+}
rPois   .          Reflect  .   (no helmet)
rElec   .          Harm     .   (no cloak)
rCorr   .          Rampage  .   (no gloves)
Will    +....                   w - +1 pair of boots
Stlth   ++........              (no amulet)
HPRegen 0.22/turn               f - +6 ring of dexterity
MPRegen 0.17/turn               (no ring)

@: paralysed, lethally poisoned (0 -> -2), slowed
A: high MP 1, forlorn, divine attributes, talons 1, iridescent scales 1,
strong-willed 1
a: no special abilities


You were on level 6 of the Dungeon.
You visited 1 branch of the dungeon, and saw 8 of its levels.

You collected 349 gold pieces.

Inventory:

Hand Weapons
 k - a +0 spear of freezing (weapon)
Missiles
 c - 2 curare-tipped darts (quivered)
 m - a throwing net
Armour
 a - a +0 robe
 d - a +2 robe of cold resistance (worn)
 w - a +1 pair of boots (worn)
Jewellery
 f - a +6 ring of dexterity (left hand)
 t - an amulet of regeneration
 y - the amulet "Mutuyl" {Reflect Str+4 SH+5}
   (You found it on level 6 of the Dungeon)

   [amulet of reflection]

   It reflects blocked missile attacks.
   Str:       It affects your strength (+4).
   SH:        It affects your SH (+5).
Wands
 e - a wand of mindburst (14)
 o - a wand of acid (7)
 s - a wand of iceblast (6)
Scrolls
 j - a scroll of teleportation
 l - a scroll of immolation
 u - 2 scrolls of identify
 z - a scroll of brand weapon {unknown}
Potions
 b - 2 potions of magic
 g - 3 potions of lignification
 h - a potion of might
 i - 3 potions of heal wounds
 n - a potion of brilliance
 p - a potion of ambrosia
 q - 4 potions of degeneration
 r - 2 potions of berserk rage
 v - a potion of curing
 x - 2 potions of cancellation {unknown}


   Skills:
 + Level 6.1 Fighting
 - Level 1.7 Dodging
 - Level 1.7 Stealth
 + Level 5.9 Spellcasting
 + Level 6.2 Conjurations
 + Level 6.9 Fire Magic


You had 2 spell levels left.
You knew the following spells:

 Your Spells              Type           Power      Damage    Failure   Level
a - Foxfire               Conj/Fire      100%       2x1d9     1%          1
b - Scorch                Fire           96%        2d10      1%          2
c - Conjure Flame         Conj/Fire      46%        6-21      1%          3
d - Inner Flame           Hex/Fire       28%        N/A       4%          3
e - Flame Wave            Conj/Fire      46%        2d10      3%          4
f - Sticky Flame          Conj/Fire      46%        2d6       3%          4

Your spell library contained the following spells:

 Spells                   Type           Power      Damage    Failure   Level
 Static Discharge         Conj/Air       26%        N/A       2%          2
 Slow                     Hex            32%        N/A       6%          1
 Confusing Touch          Hex            8%         N/A       17%         3
 Vampiric Draining        Necr           8%         2d6       17%         3
 Dispel Undead            Necr           8%         3d8       50%         4


Dungeon Overview and Level Annotations

Branches:
Dungeon (8/15)
 Temple: D:4-7         Lair: D:8-11

Shops:
D:5 :


Innate Abilities, Weirdness & Mutations

You have an increased reservoir of magic. (+10% MP)
You shall have no god before yourself.
Your divine heritage dramatically boosts your attributes as you level up.
You have sharp toenails.
You are partially covered in iridescent scales. (AC +2)
You are strong-willed. (Will+)


Message History

A komodo dragon comes into view.
The hornet stings you but does no damage.
You feel yourself speed up.
You feel very sick. The hornet barely misses you.
The hornet closely misses you.
Casting: Scorch (safe; 1% risk of failure)
Confirm with . or Enter, or press ? or * to list all spells.
Flames lash the hornet.
The hornet is burned terribly!
The hornet is severely wounded.
You feel sick. The hornet stings you!
You are more poisoned.
You feel yourself slow down.
You feel very sick. The hornet stings you.
You feel as though you will be slow longer.
The hornet closely misses you. The hornet stings you!
You feel as though you will be slow longer.
Casting: Scorch (safe; 1% risk of failure)
Confirm with . or Enter, or press ? or * to list all spells.
Flames lash the hornet.
The hornet is burned terribly!
The hornet is almost dead.
You feel very sick. The hornet barely misses you. x2
You feel very sick. The hornet stings you.
* * * LOW HITPOINT WARNING * * *
You feel as though you will be slow longer.
The komodo dragon bites you!
* * * LOW HITPOINT WARNING * * *
The hornet stings you.
* * * LOW HITPOINT WARNING * * *
You suddenly lose the ability to move!
You feel sick. The hornet stings you!
* * * LOW HITPOINT WARNING * * *
You feel as though you will be slow longer.
The komodo dragon barely misses you.
The hornet stings you but does no damage.
* * * LOW HITPOINT WARNING * * *
You feel sick. The komodo dragon bites you.
You die...

..≈.≈._.≈.
..≈.≈...≈.
#.§.≈≈≈≈§.
#.≈§...?.§ #..#
#§≈≈≈≈≈§§§ #..#
#§...... #..#
#.ly.# #..# #.@#
##..# #<.# ##...##
#..## ###.....##
#...# ##.....[..#
#...## ##...##.....
##...###..######...
##.....### ##..
####### #.. #..


You could see a komodo dragon and a hornet (combustible).

Vanquished Creatures
  Sigmund (D:3)
  A wyvern (D:7)
  Menkaure (D:4)
  Edmund (D:4)
  A water moccasin (D:7)
  An orc warrior (D:7)
  2 ice beasts
  An ogre (D:4)
  A centaur (D:6)
  A phantom (D:4)
  A bullfrog (D:8)
  4 necrophages
  6 scorpions
  A wyvern zombie (D:8)
  13 wights
  2 centaur zombies (D:8)
  A jelly (D:7)
  2 orc priests
  A hound (D:6)
  3 iguanas
  Ijyb (D:4)
  Natasha (thrice) (D:4)
  5 orc wizards
  A killer bee zombie (D:8)
  2 howler monkey zombies (D:8)
  3 gnolls (D:6)
  3 adders
  2 white imps
  An ufetubus (D:4)
  3 dart slugs
  19 orcs
  7 endoplasms
  13 giant cockroaches
  7 goblins
  8 hobgoblins
  3 jackals (D:2)
  3 kobolds
  4 quokkas
  7 ball pythons
  A bat (D:3)
  4 frilled lizards
  5 rats
150 creatures vanquished.

Vanquished Creatures (others)
  A quokka (D:4)
  499 foxfires
500 creatures vanquished.

Grand Total: 650 creatures vanquished

Notes
Turn   | Place    | Note
-------+----------+-------------------------------------------
     0 | D:1      | kae the Demigod Fire Elementalist began the quest for the
                  | Orb.
     0 | D:1      | Reached XP level 1. HP: 14/14 MP: 5/5
   147 | D:1      | Reached skill level 1 in Conjurations
   482 | D:1      | Reached XP level 2. HP: 22/22 MP: 4/7
  1355 | D:2      | Reached skill level 1 in Fighting
  1362 | D:2      | Reached XP level 3. HP: 26/28 MP: 2/8
  1365 | D:2      | Learned a level 2 spell: Scorch
  1369 | D:2      | Learned a level 3 spell: Conjure Flame
  2345 | D:3      | Noticed Sigmund
  2628 | D:3      | Gained mutation: Armour fits poorly on your strangely
                  | shaped body. [potion of mutation]
  2630 | D:3      | Killed Sigmund
  2631 | D:3      | Reached XP level 4. HP: 4/36 MP: 5/11
  2631 | D:3      | Reached XP level 5. HP: 5/41 MP: 5/12
  3066 | D:3      | Lost mutation: Armour fits poorly on your strangely shaped
                  | body. [potion of mutation]
  3066 | D:3      | Gained mutation: You have sharp toenails. [potion of
                  | mutation]
  3066 | D:3      | Gained mutation: You have hidden genetic potential. [potion
                  | of mutation]
  3601 | D:4      | Noticed Natasha
  3601 | D:4      | Noticed an ogre
  3882 | D:4      | Reached XP level 6. HP: 50/50 MP: 5/13
  4047 | D:4      | Gained mutation: You are strong-willed. (Will+) [hidden
                  | potential]
  4054 | D:4      | HP: 1/51 [Natasha/magic dart (3)]
  4066 | D:4      | Killed Natasha
  4299 | D:4      | Noticed Edmund
  4607 | D:4      | Noticed Natasha
  4614 | D:4      | Killed Natasha
  4673 | D:4      | Killed Edmund
  4674 | D:4      | Reached XP level 7. HP: 57/57 MP: 1/15
  4700 | D:4      | Noticed Natasha
  4710 | D:4      | Killed Natasha
  4713 | D:4      | Gained mutation: You are partially covered in iridescent
                  | scales. (AC +2) [hidden potential]
  4713 | D:4      | Lost mutation: You have hidden genetic potential. [hidden
                  | potential expressed]
  4975 | D:4      | Noticed Menkaure
  4983 | D:4      | Noticed Ijyb
  4988 | D:4      | Killed Menkaure
  4991 | D:4      | Killed Ijyb
  5377 | D:5      | Entered Level 5 of the Dungeon
  5377 | D:5      | Found Motebbot's Book Shop.
  5428 | D:5      | Reached skill level 5 in Fire Magic
  5573 | D:5      | Learned a level 3 spell: Inner Flame
  5578 | D:5      | Learned a level 4 spell: Flame Wave
  5605 | D:5      | You fall into a shaft and drop 3 floors!
  5783 | D:8      | Reached XP level 8. HP: 66/66 MP: 12/18
  6295 | D:8      | Reached skill level 5 in Conjurations
  6402 | D:8      | Reached skill level 5 in Fighting
  6402 | D:8      | Reached skill level 5 in Spellcasting
  7488 | D:7      | Reached XP level 9. HP: 72/74 MP: 11/20
  7493 | D:7      | Learned a level 4 spell: Sticky Flame
  8945 | D:6      | Identified the amulet "Mutuyl" {Reflect Str+4 SH+5}
  9110 | D:6      | Identified the +6 war axe of Baiwyvog {flame, Str+6}
  9315 | D:6      | Noticed a komodo dragon
  9320 | D:6      | Paralysed by a hornet for 3 turns
  9321 | D:6      | HP: 3/75 [hornet (8)]
  9322 | D:6      | Slain by a komodo dragon

Illustrated notes

Levels and vault maps discovered:
D:1:      dpeg_arrival_more_subterranean_lakeside_camping, layout_loops_ring,
          grunt_decor_fettered
D:2:      layout_basic, basic_altar
D:3:      minmay_roachtagon, layout_basic, worldfamousw_hep_ancestral_shrine,
          cheibrodos_ashenzari_chains, uniq_sigmund
D:4:      layout_basic, okawaru_metal_pillars_3,
          hangedman_decor_clover_reticule, uniq_edmund, uniq_menkaure,
          uniq_natasha, uniq_ijyb
D:5:      layout_cave_pools, mainiacjoe_overflow_alcove_1,
          makhleb_altar_promises_db, serial_shops, shop,
          eino_small_chamber_without_monster
D:6:      layout_layer_cave, trog_three_pillars_becter,
          mainiacjoe_overflow_concentric_impassable,
          nemelex_diamond_rough_becter, minmay_temple_entry_butterflies
D:7:      layout_loops_corners, kennysheep_another_room, nrook_mini_vaults
D:8:      layout_basic, serial_undead, serial_undead_a, serial_undead_f,
          serial_undead_e, serial_undead_a, serial_undead_d, serial_undead_c,
          serial_undead_f, serial_undead_b

Skill      XL: |  1  2  3  4  5  6  7  8  9 |
---------------+----------------------------+-----
Conjurations   | 1 2 3 4 5 6 |  6.2
Spellcasting   | 2 3 4 5 |  5.9
Fire Magic     | 3 4 5 6 |  6.9
Fighting       | 1 2 3 4 5 6 |  6.1
Dodging        | |  1.7
Stealth        | |  1.7

Action                   |  1- 3 |  4- 6 |  7- 9 || total
-------------------------+-------+-------+-------++-------
Melee: Spear             |    23 |    29 |    19 ||    71
       Kick              |       |     7 |     4 ||    11
       Punch             |       |     1 |       ||     1
Throw: Dart              |     1 |       |       ||     1
 Cast: Foxfire           |    78 |    74 |   151 ||   303
       Scorch            |     1 |    12 |    51 ||    64
       Conjure Flame     |       |     2 |    10 ||    12
       Flame Wave        |       |       |     1 ||     1
Evoke: Wand              |     2 |       |     2 ||     4
  Use: Potion            |     3 |     3 |       ||     6
       Scroll            |       |     7 |     8 ||    15
 Stab: Sleeping          |     2 |     2 |       ||     4
Armor: Robe              |     8 |    17 |    28 ||    53
Dodge: Dodged            |    25 |    44 |    65 ||   134

Table legend: (Time is in decaauts)
 A = Elapsed time spent in this place.
 B = Non-inter-level travel time spent in this place.
 C = Inter-level travel time spent in this place.
 D = Time resting spent in this place.
 E = Time spent auto-exploring this place.
 F = Levels seen in this place.
 G = Mean time per level.
                   A        B        C        D        E       F      G
               +--------+--------+--------+--------+--------+-----+--------+
         Total |   9332 |   9091 |    241 |    522 |   7170 |   8 | 1166.5 |
       Dungeon |   9332 |   9091 |    241 |    522 |   7170 |   8 | 1166.5 |
               +--------+--------+--------+--------+--------+-----+--------+

Top non-repeatable levels by time:
     D:4: 1658 daAuts
     D:8: 1524 daAuts
     D:3: 1472 daAuts
     D:7: 1408 daAuts
     D:2: 1162 daAuts
     D:1: 1137 daAuts
     D:6: 785 daAuts
     D:5: 183 daAuts
